Cogmind - Beta 15 @@@ ROGUE MODE // 2025.05.20 @ 22:38:37 Player: Cereal Killer Result: Destroyed by D-53 Grenadier with Mini Grenade Launcher Performance ------------- Evolutions (0) 0 Regions Visited (4) 800 Robots Destroyed (4) 20 Value Destroyed (73) 73 Prototype IDs (0) 0 Alien Tech Used (0) 0 Bonus (0) 0 TOTAL SCORE: 893 Bonus ------- None Cogmind --------- Core Integrity 0/250 Matter 295/300 Energy 100/100 System Corruption 0% Temperature Cool (0) Movement Rolling (115) Ox1 Location -9/Mines Parts ------- > --- POWER (1) -------- (None) > --- PROPULSION (2) --- Compact Wheel > --- UTILITY (2) ------ Large Storage Unit Core Shielding > --- WEAPON (2) ------- (None) > --- INVENTORY (15) --- Light Ion Engine Light Treads Light Treads Compact Wheel Improved Terrain Scanner Beam Cannon Beam Cannon Rocket Launcher Mining Laser Peak State ------------ > --- POWER ------------ Ion Engine > --- PROPULSION ------- Wheel Compact Wheel > --- UTILITY ---------- Small Storage Unit Core Shielding > --- WEAPON ----------- Beam Cannon Assault Rifle > --- INVENTORY -------- Light Ion Engine Light Treads Light Treads Improved Terrain Scanner Improved Terrain Scanner Beam Cannon Mining Laser [Rating: 8] Favorites ----------- Power Ion Engine Engine Ion Engine Propulsion Compact Wheel Treads Light Treads Wheel Compact Wheel Utility Small Storage Unit Storage Small Storage Unit Protection Core Shielding Weapon Assault Rifle Energy Gun Small Laser Energy Cannon Beam Cannon Ballistic Gun Assault Rifle Build | -11 -10 -10 -10 -9 ------- Run | Yrd Mat Min Exi Min Slots Evolved . | . . . . . Power . | . . . . . Propulsion . | . . . . . Utility . | . . . . . Weapon . | . . . . . Parts Attached 15 | 10 3 . 1 1 Power 2 | 1 1 . . . Engine 2 | 1 1 . . . Core . | . . . . . Reactor . | . . . . . Propulsion 6 | 5 . . . 1 Treads 2 | 2 . . . . Leg . | . . . . . Wheel 4 | 3 . . . 1 Hover . | . . . . . Flight . | . . . . . Utility 3 | 1 1 . 1 . Device . | . . . . . Storage 2 | 1 . . 1 . Processor . | . . . . . Hackware . | . . . . . Protection 1 | . 1 . . . Artifact . | . . . . . Weapon 4 | 3 1 . . . Energy Gun 1 | 1 . . . . Energy Cannon 1 | . 1 . . . Ballistic Gun 2 | 2 . . . . Ballistic Cannon . | . . . . . Launcher . | . . . . . Special Weapon . | . . . . . Impact Weapon . | . . . . . Slashing Weapon . | . . . . . Piercing Weapon . | . . . . . Special Melee Weapon . | . . . . . Unidentified Prototypes . | . . . . . Parts Lost 6 | 2 . . . 4 Power 1 | . . . . 1 Propulsion 3 | 1 . . . 2 Utility . | . . . . . Weapon 2 | 1 . . . 1 Highest Loss Streak 4 | 2 . . . 4 To Critical Strikes . | . . . . . Average Backups 7 | 6 7 8 8 8 Power . | . 1 1 1 1 Propulsion 2 | 1 2 4 4 4 Utility 1 | 1 1 1 1 1 Weapon 1 | 1 1 2 2 2 Tool/Special . | . . . . . Unused Backups 7 | . 1 . . 6 Power 1 | . . . . 1 Propulsion 1 | . . . . 1 Utility 2 | . 1 . . 1 Weapon 3 | . . . . 3 Tool/Special . | . . . . . Average Slot Usage (%) 98 | . 95 100 100 95 Engine 14 | . 14 14 14 14 Wheel 28 | . 28 28 28 28 Storage 14 | . 14 14 14 14 Protection 12 | . 9 14 14 14 Energy Gun 1 | . 4 . . . Energy Cannon 12 | . 9 14 14 11 Ballistic Gun 13 | . 14 14 14 11 Peak Build Rating 8 | 7 8 8 8 8 Average Rating 7 | 6 7 8 8 7 On Entrance 6 | . 7 8 8 8 Naked Turns . | . . . . . Heaviest Build 31 | 13 16 16 31 31 Greatest Support 32 | 32 26 26 26 26 Greatest Overweight (x) 1 | . . . 1 1 Average Overweight (x) . | . . . . . Largest Inventory Capacity 15 | 8 8 8 15 15 Average Capacity 8 | 7 8 8 8 15 Most Carried 10 | 7 8 8 8 10 Average Carried 7 | 6 7 8 8 8 Final Capacity 15 | 8 8 8 15 15 Final Carried 9 | 6 8 8 8 9 Class Distribution -------------------- 100% | Mutant Dominant Class ---------------- Mutant | -10/Materials Mutant | -10/Mines Mutant | -10/Exiles Mutant | -9/Mines Resources | -11 -10 -10 -10 -9 ----------- Run | Yrd Mat Min Exi Min Matter Collected 381 | 303 . . 74 4 Remotely . | . . . . . Salvage Created 116 | 116 . . . . Parts 7 | 7 . . . . Haulers Intercepted . | . . . . . Recyclers Shooed . | . . . . . Parts Field Recycled . | . . . . . Retrieved Matter . | . . . . . Parts Self-Destructed . | . . . . . Prevented . | . . . . . Kills | -11 -10 -10 -10 -9 ------- Run | Yrd Mat Min Exi Min Combat Hostiles Destroyed 1 | 1 . . . . Guns 1 | 1 . . . . Classes Destroyed 3 | 3 . . . . Tunneler 2 | 2 . . . . Recycler 1 | 1 . . . . Demolisher 1 | 1 . . . . Best Kill Streak 3 | 3 . . . . Combat Bots Only 1 | 1 . . . . Max Kills in Single Turn 1 | 1 . . . . Gunslinging . | . . . . . Exploded . | . . . . . Melee . | . . . . . Uniques/NPCs Destroyed . | . . . . . Combat | -11 -10 -10 -10 -9 -------- Run | Yrd Mat Min Exi Min Hostile Shots Fired 24 | 11 . . . 13 Missed 2 | 1 . . . 1 Hits 22 | 10 . . . 12 Projectile 22 | 10 . . . 12 AOE 24 | 11 . . . 13 Damage Taken 929 | 427 . . . 502 Core 252 | 125 . . . 127 Absorbed by Shields . | . . . . . Redirected to Shielding 24 | . . . . 24 Core Remaining (%) 50 | 50 . . . . Volleys Fired 13 | 10 3 . . . Largest 2 | 2 2 . . . Hottest 80 | 60 80 . . . Shots Fired 26 | 20 6 . . . Gun 23 | 20 3 . . . Cannon 3 | . 3 . . . Launcher . | . . . . . Special . | . . . . . Kinetic 21 | 18 3 . . . Thermal 5 | 2 3 . . . Explosive . | . . . . . Electromagnetic . | . . . . . Robot Hit Streak 8 | 5 8 . . . Robot Miss Streak 2 | 2 1 . . . Penetration Max . | . . . . . Secondary Targets . | . . . . . Shots Hit Robots 18 | 13 5 . . . Core Hits 8 | 8 . . . . Critical Kills . | . . . . . Critical Parts Destroyed . | . . . . . Critical Strikes . | . . . . . Melee Attacks . | . . . . . Impact . | . . . . . Slashing . | . . . . . Piercing . | . . . . . Sneak Attacks . | . . . . . Combat Hostiles . | . . . . . Follow-up Attacks . | . . . . . Damage Inflicted 211 | 143 68 . . . Guns 175 | 143 32 . . . Cannons 36 | . 36 . . . Explosions . | . . . . . Melee . | . . . . . Ramming . | . . . . . Kinetic 155 | 123 32 . . . Thermal 56 | 20 36 . . . Explosive . | . . . . . Electromagnetic . | . . . . . Impact . | . . . . . Slashing . | . . . . . Piercing . | . . . . . Highest Corruption . | . . . . . Average Corruption . | . . . . . Corruption Purged . | . . . . . Corruption Blocked . | . . . . . Overload Shots . | . . . . . Overflow Damage 10 | . 10 . . . Projectiles 10 | . 10 . . . Explosions . | . . . . . Melee . | . . . . . Knockbacks . | . . . . . Impact . | . . . . . Kinetic . | . . . . . Secondary . | . . . . . Self-Inflicted Damage . | . . . . . Shots . | . . . . . Rammed . | . . . . . Targets Rammed . | . . . . . Kicked . | . . . . . Crushed . | . . . . . Highest Temperature 54 | . 54 . . . Average Temperature 28 | . 28 . . . Received Heat Transfer . | . . . . . Siege Activations . | . . . . . Martial Activations . | . . . . . Shielding Activations . | . . . . . Robots Disrupted . | . . . . . Combat Hostiles . | . . . . . Robots Corrupted . | . . . . . Combat Hostiles . | . . . . . Parts Fried . | . . . . . Impact Corruptions . | . . . . . Robots Melted . | . . . . . Combat Hostiles . | . . . . . Parts Melted . | . . . . . Heat Transferred 124 | 50 74 . . . Parts Sabotaged . | . . . . . Parts Stolen . | . . . . . Parts Stripped . | . . . . . Power Chain Reactions . | . . . . . Alert | -11 -10 -10 -10 -9 ------- Run | Yrd Mat Min Exi Min Maximum Alert Level . | . . . . . Low Security (%) 100 | 100 100 100 . 100 Level 1 . | . . . . . Level 2 . | . . . . . Level 3 . | . . . . . Level 4 . | . . . . . Level 5 . | . . . . . High Security . | . . . . . Max Security . | . . . . . Peak Influence 30 | 30 18 . . . Initial 18 | . 18 . . . Average . | . 2 . . . Influence Increases 49 | 45 4 . . . Destroy 0b10 Robot/C 20 | 20 . . . . Destroy 0b10 Robot/NC 15 | 15 . . . . Destroy Leader 10 | 10 . . . . Successful Hack 4 | . 4 . . . Influence Decreases 49 | 17 32 . . . Entered New Map 10 | . 10 . . . Time Decay 39 | 17 22 . . . Squads Dispatched 1 | . 1 . . . Investigation . | . . . . . Extermination . | . . . . . Reinforcement 1 | . 1 . . . Assault . | . . . . . Garrison . | . . . . . Intercept . | . . . . . Searches Triggered . | . . . . . Construction Impeded . | . . . . . Haulers Reinforced . | . . . . . Active Scanning Responses . | . . . . . Cargo Convoy Interrupts . | . . . . . Stealth | -11 -10 -10 -10 -9 --------- Run | Yrd Mat Min Exi Min Distress Signals . | . . . . . Communications Jammed . | . . . . . Distress Signals . | . . . . . Times Spotted 9 | 2 5 . . 2 Peak Tracking Total 2 | 2 2 . . 2 Tactical Retreats . | . . . . . Traps | -11 -10 -10 -10 -9 ------- Run | Yrd Mat Min Exi Min Traps Triggered . | . . . . . Indirectly . | . . . . . Trap Hack Attempts . | . . . . . Triggered . | . . . . . Disarmed . | . . . . . Reprogrammed . | . . . . . Reused . | . . . . . Traps Extracted . | . . . . . Installed . | . . . . . Triggered . | . . . . . Machines | -11 -10 -10 -10 -9 ---------- Run | Yrd Mat Min Exi Min Machines Disabled . | . . . . . Max in Single Turn . | . . . . . Machines Repaired . | . . . . . Machines Dismantled . | . . . . . Machines Sabotaged . | . . . . . Overloaded Fab Kills . | . . . . . Hacking | -11 -10 -10 -10 -9 --------- Run | Yrd Mat Min Exi Min Machines Accessed 4 | . 2 . 2 . Terminals 2 | . 2 . . . Fabricators . | . . . . . Repair Stations . | . . . . . Recycling Units . | . . . . . Scanalyzers . | . . . . . Garrison Access . | . . . . . Total Hacks 9 | . 7 . 2 . Successful 5 | . 3 . 2 . Failed 4 | . 4 . . . Catastrophic . | . . . . . Database Lockouts . | . . . . . Manual . | . . . . . Terminals 7 | . 7 . . . Fabricators . | . . . . . Repair Stations . | . . . . . Recycling Units . | . . . . . Scanalyzers . | . . . . . Garrison Access . | . . . . . Terminal Hacks 5 | . 3 . 2 . Record 2 | . . . 2 . Locate Traps 1 | . 1 . . . Zone Layout 2 | . 2 . . . Fabricator Hacks . | . . . . . Repair Station Hacks . | . . . . . Recycling Unit Hacks . | . . . . . Scanalyzer . | . . . . . Garrison Access Hacks . | . . . . . Unauthorized Hacks . | . . . . . Terminals . | . . . . . Fabricators . | . . . . . Repair Stations . | . . . . . Recycling Units . | . . . . . Scanalyzers . | . . . . . Garrison Access . | . . . . . Data Cores Recovered . | . . . . . Used . | . . . . . Hacking Detections 2 | . 2 . . . Full Trace Events . | . . . . . Feedback Events . | . . . . . Feedback Blocked . | . . . . . Robot Schematics Acquired . | . . . . . Robots Built . | . . . . . Authchips . | . . . . . Time . | . . . . . Total Robot Build Rating . | . . . . . Part Schematics Acquired . | . . . . . Parts Built . | . . . . . Authchips . | . . . . . Time . | . . . . . Total Part Build Rating . | . . . . . Parts Repaired . | . . . . . Time . | . . . . . Parts Recycled . | . . . . . Recycled Matter . | . . . . . Retrieved Matter . | . . . . . Retrieved Components . | . . . . . Parts Scanalyzed . | . . . . . Part Schematics Acquired . | . . . . . Parts Damaged . | . . . . . Bothacking | -11 -10 -10 -10 -9 ------------ Run | Yrd Mat Min Exi Min Used RIF Installer . | . . . . . Robots Hacked . | . . . . . Non-combat . | . . . . . Combat . | . . . . . Robot Hacks Applied . | . . . . . Relay Couplers Released . | . . . . . Fabnet Peak Effective % . | . . . . . Robots Rewired . | . . . . . Allies Hacked . | . . . . . Hacks Repelled . | . . . . . Allies | -11 -10 -10 -10 -9 -------- Run | Yrd Mat Min Exi Min Total Allies . | . . . . . Largest Group . | . . . . . Highest-Rated Group . | . . . . . Highest-Rated Ally . | . . . . . Total Orders . | . . . . . Ally Attacks . | . . . . . Total Damage . | . . . . . Kills . | . . . . . Allies Corrupted . | . . . . . Allies Melted . | . . . . . Intel | -11 -10 -10 -10 -9 ------- Run | Yrd Mat Min Exi Min Active Infowar (turns) . | . . . . . Robot Analysis Total . | . . . . . Derelict Logs Recovered 2 | . . 2 . . Drone Launches . | . . . . . Drone Recoveries . | . . . . . Exploration | -11 -10 -10 -10 -9 ------------- Run | Yrd Mat Min Exi Min Turns Passed 3232 | 2587 218 70 303 54 Spaces Moved 757 | 86 214 78 331 48 Core 14 | 14 . . . . Treads . | . . . . . Legs . | . . . . . Wheels 743 | 72 214 78 331 48 Hover . | . . . . . Flight . | . . . . . Fastest Speed 50 | 50 90 90 90 90 Average Speed 91 | 90 90 90 91 101 Slowest Speed 115 | 100 90 90 105 115 Overloaded Moves . | . . . . . Propulsion Burnouts . | . . . . . Robots Hopped . | . . . . . Potential Cave-ins . | . . . . . Cave-ins Triggered . | . . . . . Exploration Rate (%) 35 | 8 53 25 71 20 Regions Visited 4 Branch Regions 3 Pre-discovered Areas 1 | . . 1 . . Known Exits Taken 1 | . . . 1 . Unknown Exits Taken 3 | 1 1 1 . . Scrap Searched . | . . . . . Spaces Dug . | . . . . . Terrain Destroyed . | . . . . . Melee . | . . . . . Projectile . | . . . . . AOE . | . . . . . Terrain Rammed . | . . . . . Walls Destroyed . | . . . . . Machines Disabled . | . . . . . Actions | -11 -10 -10 -10 -9 --------- Run | Yrd Mat Min Exi Min Total 3270 | 2574 234 77 332 53 Wait 2463 | 2454 7 . . 2 Move 753 | 85 213 77 330 48 Hop . | . . . . . Pick Up 20 | 14 5 . . 1 Fast Attach . | . . . . . Attach 10 | 8 1 . . 1 Detach 1 | . . . . 1 Swap 6 | 3 2 . 1 . Drop 4 | . 3 . 1 . Fire 13 | 10 3 . . . Melee . | . . . . . Ram . | . . . . . Kick . | . . . . . Crush . | . . . . . Escape Stasis . | . . . . . Rewire . | . . . . . Trap . | . . . . . Miscellaneous . | . . . . . Route ------- -11/Scrapyard -10/Materials (discovered 3 exits: [*Mat x2] / [*Min]) -10/Mines (discovered 2 exits: [*Mat] / *Exi) -10/Exiles (discovered 2 exits: *Min x2) -9/Mines (discovered 1 exit: [*Mat]) History --------- Turn | Location | Event 8 | -11/Scrapyard | Discovered new exit (range 16) 2555 | -11/Scrapyard | Assembled infested the area 2588 | -11/Scrapyard | Entered Materials 2600 | -10/Materials | Build established: Mutant 2640 | -10/Materials | Discovered new exit (range 7) 2711 | -10/Materials | Discovered new exit (range 16) 2776 | -10/Materials | Discovered new exit (range 16) 2806 | -10/Materials | Entered Mines 2829 | -10/Mines | Discovered new exit (range 8) 2863 | -10/Mines | Met a Derelict bent on vengeance 2872 | -10/Mines | Deemed a non-threat by the Exiles lab entrance 2872 | -10/Mines | Discovered new exit (range 5) 2876 | -10/Mines | Entered Exiles 2876 | -10/Exiles | Found Exiles lab abandoned 2877 | -10/Exiles | Identified exit to Mines 3179 | -10/Exiles | Entered Mines 3180 | -9/Mines | Assembled infested the area 3192 | -9/Mines | Received a Rocket Launcher from a helpful Derelict 3211 | -9/Mines | Core integrity fell below 50% 3231 | -9/Mines | Discovered new exit (range 8) 3232 | -9/Mines | Core integrity fell below 20% 3233 | -9/Mines | Destroyed by D-53 Grenadier with Mini Grenade Launcher Last Messages --------------- 03201_ T-07 Excavator is excavating. 03210_ C-30 ARC bursts open, deploying its payload. 03210_ D-53 Grenadier unfolds itself. 03214_ U-05 Engineer destroyed. 03214_ T-07 Excavator is excavating. 03215_ The unstable cave ceiling collapses. 03215_ Acquired 4 matter. 03216_ The unstable cave ceiling collapses. 03220_ Assault Rifle destroyed. 03222_ U-05 Engineer lays Concrete. 03223_ The unstable cave ceiling collapses. 03224_ U-05 Engineer lays Concrete. 03227_ U-05 Engineer builds a Wall. 03231_ The unstable cave ceiling collapses. 03231_ Wheel destroyed. 03231_ Com. Wheel destroyed. 03231_ Ion Engine destroyed. 03231_ EXIT=FOUND 03231_ U-05 Engineer lays Concrete. Map ----- +----------------------------------------------------+ | ?????????????????????????????????????????????????? | | ??????????????????????????????????????????????#??? | | ??????????????????????????????????????????????# ?? | | ??????????????????????????????????????????????# ## | | ?????????????????????????????????###??????????# | | ?????????????????????????????????# ??????????? | | ?????????????????????????????????# ???????????? | | ?????????????????????????????????# #????????????# | | ?????????????????????????????????# #????????????? | | ?????????????????????????????????# #####????????? | | ?????????????????????????????????# ########## | | ?????????????????????????????????#$ ## | | ???????????????????????????????### # # | | ??????????????????????????????## ## | | ????????????????????????????### #? | | ???????????????????????????## ##? | | ?????????????????#?????????# ## #?? | | ????????????????## ????????# # # #?? | | ????????????????? "??????????### % #?? | | ?????????????????? ""????????### " #?? | | ??????????????????? ??????##u d # ##?? | | ???????????????????? < ????## #### #??? | | ?????????????????????r ##### d #??## #??? | | ???????????? ????????# #???## ?? | | ?????????? # ## $ ##???### #? | | ?????????? @ #?????? # | | ?????????? #??????#### | | ?????????? #### ##?????????? | | ??????????? ??????# ##??????????? | | ?????????????????????## #???????????? | | ??????????????????????# #??????????? | | ??????????????????????# ## #??????????? | | ??????????????????????## ##? ##??????????? | | ???????????????????????### ###??# #???????????? | | ?????????????????????????## ##?????##???????????? | | ??????????????????????????####???????????????????? | | ?????????????????????????????????????????????????? | | ?????????????????????????????????????????????????? | | ?????????????????????????????????????????????????? | | | | | | | | | | | | | | | | | | | | | | | +----------------------------------------------------+ Best States ------------- Heat Dissipation 25 Energy Generation 10 Energy Capacity 250 Matter Stores 300 Matter Capacity 300 Sight Range 16 Terrain Scan Density 10 Core Shielding 20 Evasion (%) 42 Recoil Reduction 2 Item Schematics ----------------- None Robot Schematics ------------------ None Fabricated ------------ Nothing Repaired ---------- Nothing Alien Tech Used ----------------- None Achievements -------------- Curiosity Killed The Cat Challenges ------------ None Game ------ Seed ThermicScatterObliterator Manual? 0 Play Time 00:09:16 Cumulative 288.2 hours Start 2025.05.20 @ 22:30:12 End 2025.05.20 @ 22:38:37 Sessions 1 Manual Loads 0 Difficulty Rogue Special Mode None Game No. 224 Rogue 215 Adventurer 9 Explorer 0 Win Type - Total 3 Types 2/0/0/1/0/0/0/0/0/0 Lore% 85 Gallery% 73 Achievement% 66 Wizard Run 0 Options --------- Layout 1 ASCII 0 Keyboard 0 Movement Numpad Keybinds 0 Fullscreen 1 Font 24/Smallcaps Map View 50x35 Zoom Use 0% Tactical HUD 1 Map Filters NONE Filters NONE Steam 1 RUN: f16479e9-3e6a-4406-9a0e-8bd8896e5c43